 Dungeon Crawl Stone Soup version 0.20.1-1-g8b1a95d (webtiles) character file.

274860 raph the Swashbuckler (level 21, -40/144 HPs)
             Began as a Halfling Berserker on Nov 4, 2017.
             Was the Champion of Trog.
             Blown up by Anon1729's ghost (111 damage)
             ... with an orb of destruction
             ... on level 3 of the Vaults.
             The game lasted 02:27:39 (46033 turns).

raph the Swashbuckler (Halfling Berserker)         Turns: 46033, Time: 02:27:40

Health: -40/144    AC: 26    Str: 19    XL:     21   Next: 18%
Magic:  30/30      EV: 27    Int: 11    God:    Trog [******]
Gold:   706        SH: 14    Dex: 23    Spells: 20/20 levels left

rFire    + + .     SeeInvis +   a - +9 quick blade (elec)
rCold    . . .     Gourm    .   u - +0 buckler of Dirugeufre {rElec Int+6}
rNeg     . . .     Faith    .   X - +1 swamp dragon scales
rPois    +         Spirit   .   g - +2 helmet
rElec    +         Reflect  +   Q - +2 cloak {rPois}
rCorr    .         Harm     .   s - +2 pair of gloves
MR       +....                  Y - +1 pair of boots
Stlth    +++++.....             e - +5 amulet of reflection
Regen    0.4/turn               (no ring)
MPRegen  0.3/turn               M - ring "Cusih" {*Drain rPois rF++ SInv}

@: marked
A: mutation resistance 1
}: 2/15 runes: decaying, gossamer
a: Berserk, Trog's Hand, Brothers in Arms, Burn Spellbooks, Renounce Religion


You were on level 3 of the Vaults.
You worshipped Trog.
Trog was exalted by your worship.
You were not hungry.

You visited 6 branches of the dungeon, and saw 34 of its levels.
You also visited: Labyrinth, Sewer and Ice Cave.

You collected 3184 gold pieces.
You spent 2478 gold pieces at shops.

Inventory:

Hand Weapons
 a - a +9 quick blade of electrocution (weapon)
 b - a +4 fustibalus of flaming
Missiles
 x - 3 throwing nets (quivered)
 R - 231 sling bullets
Armour
 g - a +2 helmet (worn)
 s - a +2 pair of gloves (worn)
 u - the +0 buckler of Dirugeufre (worn) {rElec Int+6}
   (You acquired it on level 12 of the Dungeon)

   It affects your intelligence (+6).
   It insulates you from electricity.
 Q - a +2 cloak of poison resistance (worn)
 X - +1 swamp dragon scales (worn)
 Y - a +1 pair of boots (worn)
Jewellery
 e - a +5 amulet of reflection (around neck)
 M - the ring "Cusih" (right hand) {*Drain rPois rF++ SInv}
   (You acquired it on level 10 of the Dungeon)

   [ring of see invisible]

   It greatly protects you from fire.
   It protects you from poison.
   It lets you see invisible.
   It causes draining when unequipped.
Wands
 d - a wand of digging (9/24)
 j - a wand of scattershot (5/9)
 t - a wand of disintegration (12/24)
 z - a wand of iceblast (3/15)
 B - a wand of iceblast (4/15)
 C - a wand of acid (6/15)
 D - a wand of digging (10/24)
 E - a wand of clouds (8/9)
 V - a wand of acid (7/15)
Scrolls
 f - 18 scrolls of teleportation
 i - 13 scrolls of remove curse
 r - a scroll of summoning
 w - 3 scrolls of magic mapping
 A - 17 scrolls of identify
 K - 6 scrolls of fog
 L - 2 scrolls of holy word
 O - 4 scrolls of fear
 P - a scroll of blinking
 T - 4 scrolls of recharging
Potions
 h - 2 potions of invisibility
 k - a potion of resistance
 l - 22 potions of curing
 m - 2 potions of might
 n - 4 potions of berserk rage
 o - 3 potions of heal wounds
 p - 6 potions of haste
 I - 4 potions of flight
 J - a potion of cancellation
 N - 3 potions of ambrosia
 Z - 4 potions of agility
Books
 v - a book of Party Tricks

   Spells                             Type                      Level
   a - Summon Butterflies             Summoning                    1
   b - Apportation                    Translocation                1
   c - Lesser Beckoning               Translocation                3
   d - Tukima's Dance                 Hexes                        3
   e - Alistair's Intoxication        Transmutation/Poison         5
   f - Invisibility                   Hexes                        6
   Trog disapproves of the use of such an item.
 y - a book of Power

   Spells                             Type                      Level
   a - Iskenderun's Battlesphere      Conjuration/Charms           5
   b - Venom Bolt                     Conjuration/Poison           5
   c - Bolt of Magma                  Conjuration/Fire/Earth       5
   d - Iron Shot                      Conjuration/Earth            6
   e - Orb of Destruction             Conjuration                  7
   f - Spellforged Servitor           Conjuration/Summoning        7
   Trog disapproves of the use of such an item.
 H - a book of Fire

   Spells                             Type                      Level
   a - Ignite Poison                  Fire/Transmutation/Poison    3
   b - Fireball                       Conjuration/Fire             5
   c - Bolt of Fire                   Conjuration/Fire             6
   d - Ring of Flames                 Charms/Fire                  7
   e - Ignition                       Fire                         8
   Trog disapproves of the use of such an item.
Miscellaneous
 q - a phial of floods
 F - a lightning rod (4/4)
 G - a sack of spiders
Comestibles
 c - 8 bread rations
 S - 5 chunks of flesh


   Skills:
 + Level 12.5 Fighting
 * Level 20.6 Short Blades
 + Level 15.2 Slings
 + Level 14.6 Armour
 + Level 14.5 Dodging
 + Level 11.5 Stealth
 + Level 11.2 Shields
 + Level 12.2 Evocations


You had 20 spell levels left.
You didn't know any spells.

Dungeon Overview and Level Annotations

Branches:
Dungeon (15/15)            Temple (0/1) D:4            Lair (6/6) D:10
  Swamp (4/4) Lair:3       Spider (4/4) Lair:3        Slime (0/5) Lair:6
    Orc (2/2) D:9             Elf (0/3) Orc:2        Vaults (3/5) D:14
 Depths (0/5) D:15
  Crypt: Vaults:2-3

Altars:
Ashenzari
Dithmenos
Elyvilon
Gozag
Hepliaklqana
Kikubaaqudgha
Nemelex Xobeh
Okawaru
Qazlal
Uskayaw
Vehumet
Xom
Yredelemnul
Zin
Beogh

Shops:
D:7 *   D:10 }**   Orc:2 [(=*   Vaults:2 *

Annotations:
Vaults:3 Anon1729's ghost, veteran OpFE


Innate Abilities, Weirdness & Mutations

You are small and have problems with some larger weapons.
You are somewhat resistant to further mutation.


Message History

The corpses begin to drag themselves along the ground!
The ironbrand convoker is engulfed in noxious fumes.
The ironbrand convoker appears confused. 2 crawling corpses come into view.
The ironbrand convoker is engulfed in noxious fumes.
The ironbrand convoker closely misses Anon1729's ghost.
The ironbrand convoker is engulfed in noxious fumes.
The ironbrand convoker appears confused.
Anon1729's ghost says, "I love the smell of burning flesh."
Anon1729's ghost conjures an orb of pure magic.
The ironbrand convoker is engulfed in noxious fumes.
An orb of destruction comes into view.
The ironbrand convoker is engulfed in noxious fumes.
The ironbrand convoker appears confused.
The ironbrand convoker hits the skeletal warrior with a dire flail!
Anon1729's ghost casts a spell at you. The iron shot hits you!
The orb of destruction hits you!
Ouch! That really hurt!
You die...

#......#......#....
#......#......#....
#......#......#....
#......########....
#.......(÷÷........
#........(.........
#..########(.......
#..# #........ #.@#
#........ #.§#
#........ #.§#
#.....(.. #§.#
#......(. #W.#
#.......( #*.#
#........
#.z#+######........
#xp§..(e()e........
#.xe.z))########...


You could see a skeletal warrior, an ironbrand convoker (confused), a lost soul,
Anon1729's ghost and a crawling corpse.

Vanquished Creatures
  Bai Suzhen (Spider:4)
  Nikola (Swamp:3)
  A lich (Vaults:3)
  A sphinx (Vaults:2)
  3 thorn hunters
  4 vault wardens
  6 ghost moths (Spider:4)
  Louise (D:14)
  3 emperor scorpions
  An orc warlord (Orc:1)
  4 ironheart preservers
  The ghost of arttle the Destroyer, a journeyman GrFE of Vehumet (Orc:1)
  3 entropy weavers
  A very ugly thing (Vaults:2)
  3 stone giants
  Azrael (D:15)
  4 spark wasps
  A minotaur (Lab)
  A fire dragon (Vaults:1)
  Erolcha (D:13)
  4 yaktaur captains
  2 great orbs of eyes
  3 rakshasas
  2 ice dragons
  A ghost crab (Swamp:4)
  25 hydras
  4 vault guards
  3 death knights
  6 ogre magi
  10 centaur warriors
  19 two-headed ogres
  2 deep troll shamans (Vaults:1)
  5 death yaks (Lair:6)
  12 alligators
  A tengu warrior (D:15)
  An orc high priest (Orc:2)
  A spriggan berserker (Swamp:4)
  Urug (Lair:5)
  Sonja (Orc:2)
  2 deep elf knights
  9 skeletal warriors
  A fire crab (shapeshifter) (Vaults:1)
  An unseen horror (shapeshifter) (Vaults:1)
  3 shadow wraiths
  7 deep trolls
  15 swamp dragons
  3 wizards
  5 unseen horrors
  2 spriggan druids
  2 shambling mangroves (Swamp:4)
  A flayed ghost (Vaults:1)
  A phantasmal warrior (Vaults:1)
  A wolf spider zombie (D:13)
  2 harpies (Vaults:3)
  10 orc knights
  42 ugly things
  4 ironbrand convokers
  18 orb spiders
  A lindwurm (Lair:6)
  3 deep elf magi
  12 cyclopes
  An oklob plant (Lair:3)
  26 wolf spiders
  3 manticores
  5 orc sorcerers
  4 elephants (Lair:6)
  The ghost of Minstaer the Slasher, a novice MiGl of the Shining One (D:5)
  4 vault sentinels
  3 black mambas
  A gargoyle (D:15)
  11 spiny frogs
  A torpor snail (Lair:3)
  2 centaur skeletons (D:12)
  2 rime drakes
  7 freezing wraiths
  An efreet (D:13)
  9 komodo dragons
  A kobold demonologist (D:11)
  20 demonic crawlers
  10 yaktaurs
  2 tengu conjurers
  36 jumping spiders
  3 trolls
  A wolf spider simulacrum (D:14)
  5 tyrant leeches
  5 polar bears
  18 hornets
  A hornet (shapeshifter) (Vaults:1)
  16 bog bodies
  11 slime creatures
  30 blink frogs
  10 hippogriffs
  A blink frog (shapeshifter) (D:15)
  6 dream sheep (Lair:6)
  17 spriggans
  3 wyverns
  A vampire (D:14)
  52 redbacks
  4 hogs (Swamp:3)
  3 wraiths
  2 shadows
  28 yaks
  2 basilisks
  5 fire elementals
  36 tarantellas
  A steam dragon (D:11)
  21 vampire mosquitoes
  3 acid dragons
  20 swamp worms
  7 wargs
  16 insubstantial wisps
  13 water moccasins
  2 soldier ants
  4 hell hounds (D:15)
  5 porcupines
  39 orc warriors
  A sky beast (D:9)
  14 swamp drakes
  2 phantoms
  7 black bears
  An eye of draining (D:9)
  17 ogres
  7 ice beasts
  An ogre (shapeshifter) (Vaults:2)
  4 boggarts (Lair:6)
  15 wolves (Lair:6)
  11 crocodiles
  20 centaurs
  A gnoll sergeant (D:11)
  19 bullfrogs
  4 scorpions
  6 wights
  3 centaur zombies
  6 electric eels
  2 howler monkeys
  8 crimson imps
  A lava snake (D:13)
  2 bullfrog zombies
  2 quasits
  7 hounds
  22 orc priests
  2 jellies
  2 gnoll shamans
  5 iguanas
  2 bullfrog skeletons
  36 orc wizards
  11 worker ants
  A hound skeleton (D:11)
  3 worker ant zombies
  13 gnolls
  16 adders
  5 shadow imps
  12 white imps (Orc:1)
  2 adder zombies
  An adder skeleton (D:6)
  5 worms
  3 dart slugs
  4 leopard geckos
  93 orcs
  8 ball pythons (Sewer)
  5 bats
  6 giant cockroaches
  10 goblins
  3 hobgoblins
  7 jackals
  11 kobolds
  10 quokkas
  11 frilled lizards
  A jackal zombie (D:7)
  A leopard gecko zombie (D:5)
  A quokka skeleton (D:5)
  9 rats
  2 plants
1315 creatures vanquished.

Vanquished Creatures (collateral kills)
  Jorgrun (Spider:4)
  Kirke (Swamp:3)
  Roxanne (D:14)
  An orc warlord (Orc:2)
  A very ugly thing (Vaults:2)
  A hydra (Swamp:3)
  A harpy (Vaults:3)
  3 ugly things
  An orc knight (Orc:2)
  A wolf spider (Spider:4)
  2 elephants (Lair:6)
  A demonic crawler (Spider:4)
  2 jumping spiders (Spider:4)
  A troll (Orc:2)
  A tarantella (Vaults:3)
  4 orc warriors (Orc:2)
  A wolf (Lair:6)
24 creatures vanquished.

Vanquished Creatures (others)
  2 unseen horrors (Vaults:1)
  A harpy (Vaults:3)
  2 yaktaurs (Vaults:3)
  A jumping spider (Spider:4)
  A redback (Spider:4)
  A hound (D:13)
  2 orc wizards
  2 orcs (Orc:2)
  A rat (D:2)
  3 fungi (Lair:6)
  3 plants (Lair:6)
19 creatures vanquished.

Grand Total: 1358 creatures vanquished

Notes
Turn   | Place    | Note
-------+----------+-------------------------------------------
     0 | D:1      | raph the Halfling Berserker began the quest for the Orb.
     0 | D:1      | Reached XP level 1. HP: 15/15 MP: 1/1
   311 | D:1      | Reached XP level 2. HP: 17/20 MP: 2/2
   370 | D:1      | Reached skill level 1 in Stealth
   816 | D:2      | Reached XP level 3. HP: 25/25 MP: 3/3
   884 | D:2      | Reached skill level 4 in Short Blades
   963 | D:2      | Reached ** piety under Trog
  1096 | D:2      | Reached XP level 4. HP: 17/30 MP: 4/4
  1668 | D:2      | Found a radiant altar of Vehumet.
  1808 | D:2      | Found a stormy altar of Qazlal.
  1990 | D:2      | Found an iron altar of Okawaru.
  1990 | D:2      | Found a basalt altar of Yredelemnul.
  2379 | D:3      | Reached XP level 5. HP: 36/36 MP: 5/5
  2950 | D:4      | Found a staircase to the Ecumenical Temple.
  2980 | D:4      | Found a hazy altar of Hepliaklqana.
  3005 | D:4      | Noticed a phantom
  3031 | D:4      | Killed a phantom
  3031 | D:4      | Reached skill level 5 in Short Blades
  3031 | D:4      | Reached skill level 1 in Shields
  3031 | D:4      | Reached XP level 6. HP: 42/42 MP: 6/6
  3039 | D:4      | Reached *** piety under Trog
  3100 | D:4      | Found a sparkling altar of Nemelex Xobeh.
  3260 | D:4      | Found an ancient bone altar of Kikubaaqudgha.
  3292 | D:4      | Found a sparkling altar of Nemelex Xobeh.
  3515 | D:4      | Reached XP level 7. HP: 47/47 MP: 7/7
  3689 | D:5      | Entered Level 5 of the Dungeon
  3880 | D:5      | Noticed Minstaer's ghost (novice MiGl)
  3895 | D:5      | Killed Minstaer's ghost
  3895 | D:5      | Reached skill level 6 in Short Blades
  3895 | D:5      | Reached XP level 8. HP: 54/54 MP: 8/8
  4718 | D:5      | Reached skill level 7 in Short Blades
  4906 | D:5      | Reached skill level 5 in Armour
  5142 | D:6      | Found a glowing drain.
  5163 | D:6      | Reached **** piety under Trog
  5177 | Sewer    | Entered a sewer
  5623 | D:6      | Found a white marble altar of Elyvilon.
  5657 | D:6      | Reached skill level 5 in Dodging
  5657 | D:6      | Reached XP level 9. HP: 59/59 MP: 9/9
  5862 | D:6      | Found a hide-covered altar of Uskayaw.
  5997 | D:6      | Reached skill level 8 in Short Blades
  6010 | D:6      | Reached skill level 5 in Stealth
  6023 | D:6      | Reached skill level 5 in Fighting
  6958 | D:7      | Found Foxeamn's Assorted Antiques.
  6981 | D:7      | Bought a scroll of identify for 48 gold pieces
  6981 | D:7      | Bought a scroll of identify for 48 gold pieces
  6981 | D:7      | Bought a runed chain mail for 180 gold pieces
  7479 | D:7      | Found a shattered altar of Ashenzari.
  7514 | D:7      | Reached skill level 9 in Short Blades
  7677 | D:7      | Reached XP level 10. HP: 66/66 MP: 10/10
  8078 | D:8      | Reached skill level 5 in Shields
  8524 | D:8      | Noticed a two-headed ogre
  8531 | D:8      | Killed a two-headed ogre
  8711 | D:8      | Noticed an angel
  8712 | D:8      | Found a glowing silver altar of Zin.
  9104 | D:9      | Reached skill level 10 in Short Blades
  9104 | D:9      | Reached skill level 1 in Evocations
  9684 | D:9      | Noticed a green ugly thing
  9696 | D:9      | Killed a green ugly thing
  9696 | D:9      | Reached XP level 11. HP: 72/72 MP: 12/12
  9837 | D:9      | Found a shimmering altar of Xom.
  9863 | D:9      | Found a shimmering altar of Xom.
  9870 | D:9      | Found a shimmering altar of Xom.
  9870 | D:9      | Found a shimmering altar of Xom.
  9870 | D:9      | Found a shimmering altar of Xom.
  9874 | D:9      | Found a shimmering altar of Xom.
  9874 | D:9      | Found a shimmering altar of Xom.
  9906 | D:9      | Reached ***** piety under Trog
 10085 | D:9      | Found a staircase to the Orcish Mines.
 10237 | D:9      | Noticed a two-headed ogre
 10250 | D:9      | Killed a two-headed ogre
 10395 | D:10     | Entered Level 10 of the Dungeon
 10449 | D:10     | Received a gift from Trog
 10610 | D:10     | Found Leoboap's Gadget Shop.
 10613 | D:10     | Bought a wand of lightning (2/15) for 78 gold pieces
 10707 | D:10     | Found a staircase to the Lair.
 10971 | D:10     | Found Yci Ypp's General Store.
 10978 | D:10     | Bought a scroll of identify for 28 gold pieces
 11018 | D:10     | Identified a scroll of acquirement
 11019 | D:10     | Got a fine bone ring
 11021 | D:10     | Identified the ring "Cusih" {*Drain rPois rF++ SInv} (You acquired it on level 10 of the Dungeon)
 11118 | D:10     | Found Nyuqok's General Store.
 11123 | D:10     | Bought 2 potions of heal wounds for 140 gold pieces
 11458 | D:10     | Reached skill level 11 in Short Blades
 11562 | Lair:1   | Entered Level 1 of the Lair of Beasts
 12122 | Lair:1   | Noticed a four-headed hydra
 12131 | Lair:1   | Killed a four-headed hydra
 12292 | Lair:1   | You fall through a shaft!
 13603 | Lair:3   | Reached XP level 12. HP: 80/80 MP: 4/14
 13828 | Lair:3   | Identified the Tome of Floating Augmentations
 13835 | Lair:3   | Found a hole to the Spider Nest.
 13862 | Lair:3   | Reached skill level 12 in Short Blades
 14225 | Lair:3   | Found a staircase to the Swamp.
 15958 | Lair:4   | Got an iridescent hunting sling
 15959 | Lair:4   | Identified the +5 hunting sling "Rejox" {freeze, +Inv rElec} (You found it on level 4 of the Lair of Beasts)
 16252 | Lair:4   | Found a radiant altar of Vehumet.
 16706 | Lair:4   | Reached skill level 1 in Slings
 16725 | Lair:5   | Noticed Urug
 16743 | Lair:5   | Killed Urug
 16900 | Lair:5   | Reached XP level 13. HP: 70/88 MP: 5/16
 17072 | Lair:5   | Reached skill level 13 in Short Blades
 17294 | Lair:5   | Reached skill level 5 in Evocations
 17982 | Lair:6   | Entered Level 6 of the Lair of Beasts
 18027 | Lair:6   | Noticed a four-headed hydra
 18037 | Lair:6   | Killed a four-headed hydra
 18410 | Lair:6   | Noticed an eight-headed hydra
 18421 | Lair:6   | Killed an eight-headed hydra
 18429 | Lair:6   | Noticed a five-headed hydra
 18430 | Lair:6   | Noticed a six-headed hydra
 19047 | Lair:6   | Reached skill level 5 in Slings
 19056 | Lair:6   | Received a gift from Trog
 19247 | Lair:6   | Reached skill level 14 in Short Blades
 19282 | Lair:6   | Reached skill level 10 in Armour
 19621 | Lair:6   | Reached XP level 14. HP: 95/95 MP: 17/19
 20209 | Lair:6   | Reached skill level 15 in Short Blades
 20433 | Lair:6   | Found a staircase to the Slime Pits.
 20661 | D:10     | Bought a scroll of enchant armour for 105 gold pieces
 20661 | D:10     | Bought a scroll of identify for 28 gold pieces
 20661 | D:10     | Bought a scroll of enchant weapon for 105 gold pieces
 20710 | Orc:1    | Entered Level 1 of the Orcish Mines
 20748 | Orc:1    | Received a gift from Trog
 20765 | Orc:1    | Reached skill level 10 in Dodging
 20891 | D:7      | Bought a scroll of recharging for 228 gold pieces
 21074 | Orc:1    | Found a frozen archway.
 21107 | Orc:1    | Reached ****** piety under Trog
 21155 | IceCv    | Entered an ice cave
 21571 | Orc:2    | Entered Level 2 of the Orcish Mines
 21628 | Orc:2    | Received a gift from Trog
 21664 | Orc:2    | Found a labyrinth entrance.
 21709 | Lab      | Entered a labyrinth
 22460 | Orc:2    | Noticed an orc warlord
 22515 | Orc:2    | Killed an orc warlord
 22725 | Orc:2    | Found a staircase to the Elven Halls.
 22838 | Orc:2    | Found a roughly hewn altar of Beogh.
 22851 | Orc:2    | Found Xeudiupe's General Store.
 22926 | Orc:2    | Received a gift from Trog
 23061 | Orc:2    | Found Vuinuisi's Jewellery Shoppe.
 23065 | Orc:2    | Found Qapn's Antique Armour Shoppe.
 23071 | Orc:2    | Found Nerch's Antique Weapon Shoppe.
 23304 | Orc:2    | Noticed Sonja
 23317 | Orc:2    | Killed Sonja
 23317 | Orc:2    | Reached XP level 15. HP: 95/101 MP: 20/20
 23529 | Orc:2    | Bought an uncursed amulet of guardian spirit for 360 gold pieces
 23551 | Orc:2    | Bought a warped hat for 306 gold pieces
 23562 | Orc:2    | Identified the +0 hat of the Saviour {*Slow rCorr Int+4} (You bought it in a shop on level 2 of the Orcish Mines)
 23719 | Orc:1    | Noticed arttle's ghost (journeyman GrFE)
 23720 | Orc:1    | Noticed an orc warlord
 23745 | Orc:1    | Killed an orc warlord
 23990 | Orc:1    | Killed arttle's ghost
 24432 | D:11     | Found a flagged portal.
 24791 | D:11     | Received a gift from Trog
 25172 | D:11     | Reached skill level 16 in Short Blades
 25345 | D:12     | Found a glowing silver altar of Zin.
 25637 | D:12     | Got a transparent buckler
 25648 | D:12     | Identified the +0 buckler of Dirugeufre {rElec Int+6} (You acquired it on level 12 of the Dungeon)
 26096 | D:13     | Found an opulent altar of Gozag.
 26140 | D:13     | Got a bronze ring mail
 26151 | D:13     | Identified the +4 ring mail "Bunepaj" {rCorr Int+4} (You found it on level 13 of the Dungeon)
 26176 | D:13     | Noticed Erolcha
 26196 | D:13     | Killed Erolcha
 26921 | D:14     | Noticed Roxanne
 26936 | D:14     | Received a gift from Trog
 26979 | D:14     | Killed Roxanne
 26983 | D:14     | Identified Roxanne's Volume of Transformation (You took it off Roxanne on level 14 of the Dungeon)
 27558 | D:14     | Received a gift from Trog
 27628 | D:14     | Found a gate to the Vaults.
 27907 | D:14     | Noticed Louise
 27911 | D:14     | Reached skill level 10 in Slings
 27911 | D:14     | Reached XP level 16. HP: 104/109 MP: 20/22
 27933 | D:14     | Killed Louise
 28176 | D:14     | Received a gift from Trog
 28371 | D:14     | Reached skill level 10 in Fighting
 28468 | D:14     | Found a shadowy altar of Dithmenos.
 28738 | D:15     | Entered Level 15 of the Dungeon
 28770 | D:15     | Reached skill level 17 in Short Blades
 30176 | D:15     | Noticed Azrael
 30191 | D:15     | Killed Azrael
 30312 | D:15     | Found a staircase to the Depths.
 30788 | Swamp:1  | Entered Level 1 of the Swamp
 31045 | Swamp:1  | Received a gift from Trog
 31337 | Swamp:1  | Noticed a thorn hunter
 31353 | Swamp:1  | Killed a thorn hunter
 32030 | Swamp:2  | Found a glowing silver altar of Zin.
 32055 | Swamp:2  | Reached XP level 17. HP: 116/116 MP: 24/24
 32575 | Swamp:2  | Reached skill level 10 in Evocations
 32728 | Swamp:3  | Noticed Kirke
 32732 | Swamp:3  | Noticed Nikola
 33356 | Swamp:3  | Received a gift from Trog
 33356 | Swamp:3  | Reached skill level 18 in Short Blades
 33363 | Swamp:3  | Killed Kirke
 33389 | Swamp:3  | Killed Nikola
 33602 | Swamp:4  | Entered Level 4 of the Swamp
 33803 | Swamp:4  | Received a gift from Trog
 34114 | Swamp:4  | Noticed a thorn hunter
 34148 | Swamp:4  | Killed a thorn hunter
 34204 | Swamp:4  | Noticed a thorn hunter
 34223 | Swamp:4  | Killed a thorn hunter
 34496 | Swamp:4  | Received a gift from Trog
 34706 | Swamp:4  | Reached XP level 18. HP: 124/124 MP: 25/25
 34961 | Swamp:4  | Received a gift from Trog
 35589 | Swamp:4  | Got a decaying rune of Zot
 35783 | Spider:1 | Entered Level 1 of the Spider Nest
 37074 | Spider:2 | Received a gift from Trog
 37964 | Spider:2 | Reached skill level 19 in Short Blades
 38653 | Spider:3 | Received a gift from Trog
 39603 | Spider:3 | Reached XP level 19. HP: 130/130 MP: 27/27
 39658 | Spider:4 | Entered Level 4 of the Spider Nest
 39836 | Spider:4 | Noticed Bai Suzhen
 39963 | Spider:4 | Killed Bai Suzhen
 40186 | Spider:4 | Received a gift from Trog
 40613 | Spider:4 | Noticed Jorgrun
 40618 | Spider:4 | Killed Jorgrun
 40765 | Spider:4 | Got a gossamer rune of Zot
 41429 | Spider:4 | Reached skill level 10 in Shields
 41949 | Vaults:1 | Entered Level 1 of the Vaults
 42015 | Vaults:1 | Reached skill level 10 in Stealth
 42046 | Vaults:1 | Received a gift from Trog
 42068 | Vaults:1 | Got a slimy dagger {god gift}
 42069 | Vaults:1 | Identified the +4 dagger of Taxkoin {antimagic, Str+3} (Trog gifted it to you on level 1 of the Vaults)
 42621 | Vaults:1 | Reached XP level 20. HP: 114/137 MP: 23/28
 42988 | Vaults:1 | Reached skill level 20 in Short Blades
 43085 | Vaults:1 | Received a gift from Trog
 43628 | Vaults:2 | Received a gift from Trog
 43765 | Vaults:2 | Found Liedo's General Store.
 43774 | Vaults:2 | Bought a +5 amulet of reflection for 824 gold pieces
 43834 | Vaults:2 | HP: 6/137 [white very ugly thing (31)]
 44419 | Vaults:2 | Received a gift from Trog
 45156 | Vaults:2 | Reached skill level 15 in Slings
 45456 | Vaults:3 | Noticed a lich
 45463 | Vaults:3 | Killed a lich
 45549 | Vaults:3 | Reached XP level 21. HP: 92/144 MP: 30/30
 45932 | Vaults:3 | Received a gift from Trog
 46019 | Vaults:3 | Noticed Anon1729's ghost (veteran OpFE)
 46033 | Vaults:3 | Blown up by Anon1729's ghost

Skill      XL: |  1  2  3  4  5  6  7  8  9 10 11 12 13 14 15 16 17 18 19 20 |
---------------+-------------------------------------------------------------+-----
Stealth        | 1 2 3 4 5 6 7 9 10 11 | 11.5
Short Blades   | 4 5 6 7 9 10 11 12 14 15 16 17 18 19 20 | 20.6
Armour         | 3 4 5 6 7 8 9 10 11 12 13 14 | 14.6
Fighting       | 3 4 5 6 7 8 9 10 11 12 | 12.5
Dodging        | 3 4 5 6 7 8 9 10 11 12 13 14 | 14.5
Shields        | 1 2 3 4 5 7 8 9 10 11 | 11.2
Evocations     | 2 3 4 6 7 9 10 11 12 | 12.2
Slings         | 2 6 8 10 11 12 13 14 15 | 15.2

Action                   |  1- 3 |  4- 6 |  7- 9 | 10-12 | 13-15 | 16-18 | 19-21 || total
-------------------------+-------+-------+-------+-------+-------+-------+-------++-------
Melee: Short sword       |   124 |   210 |   292 |   272 |       |    58 |       ||   956
       Rapier            |       |       |   127 |   585 |   249 |       |       ||   961
       Quick blade       |       |       |       |       |  1302 |  2071 |  1486 ||  4859
 Fire: Hunting sling     |       |       |       |    34 |   163 |   349 |     3 ||   549
       Fustibalus        |       |       |       |       |       |       |   157 ||   157
Throw: Throwing net      |       |       |       |       |     2 |       |       ||     2
Invok: Berserk           |     1 |     5 |    10 |    18 |    12 |     9 |     7 ||    62
       Burn Spellbooks   |       |       |     1 |       |       |       |       ||     1
       Trog's Hand       |       |       |     1 |       |     3 |     1 |     2 ||     7
       Brothers in Arms  |       |       |       |       |     5 |     2 |     6 ||    13
 Abil: Evoke Invisibilit |       |       |       |       |     2 |       |       ||     2
Evoke: Wand              |       |       |       |       |    11 |     4 |     9 ||    24
  Use: Scroll            |       |    13 |    11 |     9 |    13 |     6 |     6 ||    58
       Potion            |       |       |       |     2 |     4 |     1 |     4 ||    11
 Stab: Distracted        |       |       |     1 |       |     3 |     3 |     6 ||    13
       Invisible         |       |       |       |     2 |       |       |       ||     2
       Sleeping          |       |       |       |       |     1 |     7 |     7 ||    15
       Confused          |       |       |       |       |     1 |     1 |       ||     2
  Eat: Chunk             |     2 |    11 |    11 |    34 |    24 |    21 |    16 ||   119
       Meat ration       |       |       |     3 |     2 |     2 |     2 |       ||     9
       Fruit             |       |       |       |     2 |       |     2 |     2 ||     6
       Bread ration      |       |       |       |       |     3 |     3 |     2 ||     8
       Royal jelly       |       |       |       |       |       |     2 |     2 ||     4
Armor: Chain mail        |    36 |    75 |    85 |   175 |   291 |   102 |       ||   764
       Animal skin       |     4 |       |       |       |       |       |       ||     4
       Swamp dragon scal |       |       |       |       |       |   230 |   173 ||   403
Dodge: Dodged            |    78 |    94 |   150 |   283 |   464 |   951 |   620 ||  2640
Block: Buckler           |       |    29 |   103 |   191 |   315 |   464 |   382 ||  1484
       Reflection        |       |       |       |       |       |       |    16 ||    16
